[ PARTIDA AOE2 · #477593514 ]
UnrankedKitán vs Incas
[ ANÁLISIS DE REPETICIÓN · EXTRAÍDO DE LA PARTIDA GRABADA ]
Feudal
9:41
Castillos
—
Imperial
—
| APM promedio | 54.7 |
| APM pico | 93 |
| eAPM promedio | 19.2 |
| Aldeanos / militares | 51 / 34 |
Foco
⚔️ 41.6% · 🌾 58.4%
Scout Cavalry ×34
Feudal
8:52
Castillos
—
Imperial
—
| APM promedio | 79.5 |
| APM pico | 123 |
| eAPM promedio | 40.4 |
| Aldeanos / militares | 49 / 30 |
Foco
⚔️ 63.4% · 🌾 36.6%
Archer ×30 · Unknown (2550) ×5
Feudal
8:52
Castillos
—
Imperial
—
| APM promedio | 26.4 |
| APM pico | 41 |
| eAPM promedio | 16.2 |
| Aldeanos / militares | 54 / 44 |
Foco
⚔️ 34.8% · 🌾 65.2%
Militia ×28 · Archer ×16
Feudal
10:08
Castillos
—
Imperial
—
| APM promedio | 36.3 |
| APM pico | 52 |
| eAPM promedio | 22.6 |
| Aldeanos / militares | 50 / 43 |
Foco
⚔️ 41.6% · 🌾 58.4%
Serjeant ×43
Mapa de la partida
Recursos iniciales + cada clic de construcción. Líneas = muros · curvas = relieve. ◆ oro · ⬟ piedra · ● bayas · ✦ reliquia · ◌ hueco del cierre
Tu base· Abierta — hueco de 4t
Base de Voit3ch_· Abierta — flanco sin cerrar
Base de WARChris· Abierta — flanco sin cerrar
Base de PUB | [🥕]King_Boo· Abierta — flanco sin cerrar
Terreno inicial suavizado · ◌ = hueco del cierre detectado · pasá el cursor para detalles
Inputs por minuto
— Jonas - - Voit3ch_
Build order — Jonas
122 acciones detectadas en el replay
| 0:01 | Crear | Villager (Male) |
| 0:01 | Crear | Villager (Male) |
| 0:01 | Crear | Villager (Male) |
| 0:02 | Construir | House |
| 0:03 | Construir | House |
| 0:19 | Crear | Villager (Male) |
| 0:19 | Crear | Villager (Male) |
| 1:23 | Crear | Villager (Male) |
| 1:23 | Crear | Villager (Male) |
| 1:23 | Crear | Villager (Male) |
| 2:03 | Crear | Villager (Male) |
| 2:11 | Construir | Lumber Camp |
| 2:18 | Crear | Villager (Male) |
| 2:45 | Crear | Villager (Male) |
| 2:45 | Crear | Villager (Male) |
| 2:45 | Crear | Villager (Male) |
| 3:03 | Crear | Villager (Male) |
| 3:35 | Crear | Villager (Male) |
| 3:35 | Crear | Villager (Male) |
| 3:54 | Crear | Villager (Male) |
| 3:54 | Crear | Villager (Male) |
| 3:55 | Crear | Villager (Male) |
| 3:59 | Construir | House |
| 4:08 | Crear | Villager (Male) |
| 4:25 | Crear | Villager (Male) |
| 5:06 | Crear | Villager (Male) |
| 5:08 | Crear | Villager (Male) |
| 6:09 | Crear | Villager (Male) |
| 6:45 | Crear | Villager (Male) |
| 6:48 | Construir | Barracks |
| 6:50 | Investigar | Loom |
| 7:31 | Investigar | Feudal Age |
| 7:37 | Crear | Villager (Male) |
| 7:50 | Construir | Mill |
| 7:51 | Crear | Villager (Male) |
| 7:51 | Crear | Villager (Male) |
| 8:02 | Construir | House |
| 8:45 | Crear | Villager (Male) |
| 9:41 | Edad | Edad Feudal |
| 9:43 | Construir | Stable |
| 10:01 | Investigar | Tech 1014 |
| 10:12 | Construir | Pasture |
| 10:26 | Crear | Scout Cavalry |
| 10:26 | Crear | Scout Cavalry |
| 10:28 | Crear | Scout Cavalry |
| 10:31 | Crear | Villager (Male) |
| 10:45 | Crear | Villager (Male) |
| 10:59 | Construir | Pasture |
| 11:03 | Construir | House |
| 11:09 | Investigar | Wheelbarrow |
| 11:11 | Crear | Scout Cavalry |
| 11:23 | Crear | Scout Cavalry |
| 11:39 | Crear | Villager (Male) |
| 11:46 | Construir | Pasture |
| 11:57 | Crear | Villager (Male) |
| 12:39 | Construir | Blacksmith |
| 12:47 | Crear | Scout Cavalry |
| 12:51 | Construir | House |
| 13:18 | Construir | House |
| 13:20 | Construir | House |
| 13:25 | Crear | Scout Cavalry |
| 13:28 | Investigar | Forging |
| 13:28 | Investigar | Scale Barding Armor |
| 13:48 | Crear | Scout Cavalry |
| 13:53 | Crear | Villager (Male) |
| 13:54 | Crear | Villager (Male) |
| 14:05 | Construir | Pasture |
| 14:12 | Crear | Villager (Male) |
| 14:29 | Crear | Villager (Male) |
| 14:47 | Crear | Scout Cavalry |
| 14:52 | Crear | Villager (Male) |
| 14:57 | Construir | Stable |
| 15:29 | Crear | Scout Cavalry |
| 15:30 | Crear | Villager (Male) |
| 15:39 | Crear | Scout Cavalry |
| 15:45 | Construir | Pasture |
| 16:01 | Construir | Pasture |
| 16:02 | Crear | Scout Cavalry |
| 16:10 | Crear | Villager (Male) |
| 16:25 | Crear | Villager (Male) |
| 16:34 | Crear | Scout Cavalry |
| 16:34 | Crear | Scout Cavalry |
| 16:38 | Crear | Villager (Male) |
| 16:42 | Construir | Pasture |
| 16:49 | Crear | Scout Cavalry |
| 16:49 | Crear | Scout Cavalry |
| 17:00 | Crear | Villager (Male) |
| 17:00 | Crear | Villager (Male) |
| 17:14 | Crear | Scout Cavalry |
| 17:27 | Crear | Scout Cavalry |
| 17:35 | Crear | Villager (Male) |
| 17:35 | Crear | Villager (Male) |
| 17:38 | Crear | Villager (Male) |
| 17:53 | Crear | Scout Cavalry |
| 18:13 | Crear | Scout Cavalry |
| 18:14 | Crear | Scout Cavalry |
| 18:22 | Crear | Villager (Male) |
| 18:24 | Construir | House |
| 18:30 | Crear | Villager (Male) |
| 18:33 | Construir | House |
| 18:41 | Crear | Scout Cavalry |
| 18:47 | Construir | Stable |
| 18:49 | Crear | Scout Cavalry |
| 18:53 | Construir | Pasture |
| 18:55 | Construir | Pasture |
| 19:02 | Construir | Pasture |
| 19:06 | Crear | Scout Cavalry |
| 19:10 | Crear | Scout Cavalry |
| 19:16 | Crear | Scout Cavalry |
| 19:19 | Crear | Villager (Male) |
| 19:38 | Crear | Scout Cavalry |
| 19:40 | Construir | Stable |
| 19:46 | Crear | Villager (Male) |
| 19:48 | Construir | House |
| 19:52 | Construir | House |
| 20:01 | Crear | Scout Cavalry |
| 20:02 | Crear | Scout Cavalry |
| 20:02 | Crear | Scout Cavalry |
| 20:02 | Crear | Scout Cavalry |
| 20:12 | Crear | Scout Cavalry |
| 20:13 | Crear | Scout Cavalry |
| 20:28 | Crear | Scout Cavalry |
Build order — Voit3ch_
117 acciones detectadas en el replay
| 0:01 | Crear | Villager (Male) |
| 0:01 | Crear | Villager (Male) |
| 0:02 | Construir | House |
| 0:04 | Construir | House |
| 0:06 | Crear | Villager (Male) |
| 0:07 | Crear | Villager (Male) |
| 0:08 | Crear | Villager (Male) |
| 1:25 | Crear | Villager (Male) |
| 1:26 | Crear | Villager (Male) |
| 2:05 | Construir | Settlement |
| 2:07 | Crear | Villager (Male) |
| 2:07 | Crear | Villager (Male) |
| 2:08 | Crear | Villager (Male) |
| 2:08 | Crear | Villager (Male) |
| 2:52 | Crear | Villager (Male) |
| 2:52 | Crear | Villager (Male) |
| 3:15 | Crear | Villager (Male) |
| 3:15 | Crear | Villager (Male) |
| 3:29 | Crear | Villager (Male) |
| 3:29 | Crear | Villager (Male) |
| 4:12 | Crear | Villager (Male) |
| 4:14 | Crear | Villager (Male) ×2 |
| 4:14 | Crear | Villager (Male) ×2 |
| 5:26 | Crear | Villager (Male) |
| 5:41 | Construir | Barracks |
| 5:47 | Crear | Villager (Male) |
| 6:10 | Investigar | Loom |
| 6:42 | Investigar | Feudal Age |
| 6:43 | Investigar | Feudal Age |
| 6:43 | Crear | Unit 2550 |
| 6:44 | Crear | Unit 2550 |
| 7:13 | Crear | Unit 2550 |
| 7:32 | Crear | Unit 2550 |
| 8:26 | Crear | Unit 2550 |
| 8:52 | Edad | Edad Feudal |
| 9:07 | Investigar | Tech 1402 |
| 9:07 | Investigar | Tech 1402 |
| 9:12 | Crear | Villager (Male) |
| 9:12 | Crear | Villager (Male) |
| 9:19 | Construir | Archery Range |
| 9:25 | Investigar | Double-Bit Axe |
| 9:25 | Investigar | Double-Bit Axe |
| 10:07 | Crear | Villager (Male) |
| 10:10 | Construir | Archery Range |
| 10:13 | Construir | House |
| 10:47 | Crear | Archer |
| 10:57 | Crear | Archer |
| 11:00 | Construir | House |
| 11:06 | Crear | Villager (Male) |
| 11:25 | Crear | Archer |
| 11:33 | Crear | Villager (Male) |
| 11:36 | Construir | Blacksmith |
| 11:40 | Crear | Archer |
| 11:41 | Crear | Archer |
| 11:48 | Crear | Villager (Male) |
| 12:17 | Crear | Archer |
| 12:28 | Investigar | Fletching |
| 12:29 | Investigar | Fletching |
| 12:38 | Crear | Villager (Male) |
| 12:42 | Construir | Settlement |
| 13:14 | Crear | Archer ×2 |
| 13:19 | Crear | Villager (Male) |
| 13:48 | Crear | Archer |
| 13:48 | Crear | Archer |
| 13:52 | Construir | Farm |
| 14:16 | Crear | Villager (Male) |
| 14:16 | Crear | Villager (Male) |
| 14:18 | Construir | Farm |
| 14:47 | Crear | Archer |
| 14:47 | Crear | Archer |
| 14:48 | Crear | Villager (Male) |
| 14:48 | Crear | Villager (Male) |
| 15:10 | Crear | Villager (Male) |
| 15:10 | Crear | Villager (Male) |
| 15:12 | Construir | Farm |
| 15:14 | Construir | Farm |
| 15:15 | Construir | Farm |
| 15:16 | Construir | Farm |
| 15:16 | Construir | Farm |
| 15:16 | Construir | Farm |
| 15:17 | Construir | Farm |
| 15:17 | Construir | Farm |
| 15:37 | Crear | Archer |
| 15:38 | Crear | Archer |
| 15:44 | Crear | Villager (Male) |
| 15:49 | Construir | Farm |
| 16:15 | Crear | Archer |
| 16:15 | Crear | Archer |
| 16:16 | Crear | Villager (Male) |
| 16:28 | Crear | Villager (Male) |
| 16:38 | Crear | Archer |
| 16:39 | Crear | Archer |
| 17:28 | Crear | Villager (Male) |
| 17:29 | Construir | Farm |
| 17:59 | Crear | Archer |
| 17:59 | Crear | Archer |
| 18:00 | Crear | Archer |
| 18:00 | Crear | Archer |
| 18:08 | Crear | Villager (Male) |
| 18:30 | Crear | Villager (Male) |
| 18:35 | Construir | Farm |
| 18:38 | Construir | Farm |
| 18:40 | Investigar | Wheelbarrow |
| 19:06 | Crear | Villager (Male) |
| 19:08 | Crear | Villager (Male) |
| 19:18 | Crear | Archer |
| 19:19 | Crear | Archer |
| 19:22 | Crear | Archer |
| 19:23 | Crear | Archer |
| 19:49 | Crear | Archer |
| 19:50 | Crear | Archer |
| 20:04 | Crear | Villager (Male) |
| 20:38 | Crear | Villager (Male) |
| 20:41 | Crear | Archer |
| 20:41 | Crear | Archer |
| 20:58 | Construir | Market |
| 21:00 | Crear | Villager (Male) |
Build order — WARChris
128 acciones detectadas en el replay
| 0:00 | Crear | Villager (Male) |
| 0:01 | Crear | Villager (Male) |
| 0:01 | Crear | Villager (Male) |
| 0:02 | Construir | House |
| 0:05 | Construir | House |
| 0:22 | Crear | Villager (Male) |
| 1:27 | Crear | Villager (Male) |
| 1:27 | Crear | Villager (Male) |
| 2:03 | Crear | Villager (Male) |
| 2:03 | Crear | Villager (Male) |
| 2:16 | Construir | Lumber Camp |
| 2:24 | Crear | Villager (Male) |
| 2:24 | Crear | Villager (Male) |
| 2:35 | Crear | Villager (Male) |
| 3:05 | Construir | House |
| 3:22 | Crear | Villager (Male) |
| 3:22 | Crear | Villager (Male) |
| 3:24 | Crear | Villager (Male) |
| 3:24 | Crear | Villager (Male) |
| 4:15 | Crear | Villager (Male) |
| 4:35 | Crear | Villager (Male) |
| 4:49 | Crear | Villager (Male) |
| 4:58 | Crear | Villager (Male) |
| 5:28 | Construir | Barracks |
| 5:33 | Crear | Villager (Male) |
| 6:12 | Investigar | Loom |
| 6:38 | Investigar | Feudal Age |
| 6:54 | Crear | Militia |
| 6:54 | Crear | Militia |
| 7:07 | Construir | Mining Camp |
| 7:19 | Crear | Militia |
| 7:19 | Crear | Militia |
| 7:22 | Construir | House |
| 7:33 | Construir | House |
| 8:05 | Crear | Militia |
| 8:05 | Crear | Villager (Male) |
| 8:36 | Crear | Militia |
| 8:36 | Crear | Militia |
| 8:37 | Crear | Villager (Male) |
| 8:52 | Edad | Edad Feudal |
| 9:03 | Crear | Militia |
| 9:04 | Crear | Militia |
| 9:26 | Crear | Villager (Male) |
| 9:43 | Crear | Militia |
| 10:07 | Construir | Mill |
| 10:08 | Crear | Villager (Male) |
| 10:58 | Construir | Farm |
| 11:02 | Crear | Villager (Male) |
| 11:03 | Crear | Villager (Male) |
| 11:33 | Crear | Militia |
| 11:33 | Crear | Militia |
| 11:36 | Construir | Farm |
| 11:42 | Construir | Farm |
| 11:42 | Construir | Farm |
| 11:49 | Crear | Militia |
| 11:49 | Crear | Militia |
| 11:59 | Crear | Villager (Male) |
| 12:00 | Crear | Villager (Male) |
| 12:02 | Construir | Farm |
| 12:04 | Construir | Farm |
| 12:06 | Construir | Farm |
| 12:11 | Construir | Farm |
| 12:31 | Crear | Villager (Male) |
| 12:47 | Construir | House |
| 12:50 | Construir | House |
| 12:55 | Crear | Militia |
| 13:12 | Crear | Militia |
| 13:20 | Crear | Villager (Male) |
| 13:20 | Crear | Villager (Male) |
| 13:26 | Construir | Farm |
| 13:46 | Crear | Militia |
| 13:49 | Crear | Villager (Male) |
| 13:51 | Construir | Farm |
| 14:02 | Crear | Militia |
| 14:24 | Crear | Militia |
| 14:26 | Crear | Villager (Male) |
| 14:27 | Crear | Villager (Male) |
| 14:30 | Construir | Farm |
| 14:48 | Crear | Militia ×2 |
| 14:48 | Crear | Militia ×2 |
| 15:00 | Crear | Militia |
| 15:06 | Construir | Farm |
| 15:07 | Crear | Villager (Male) |
| 15:07 | Crear | Villager (Male) |
| 15:34 | Crear | Militia ×2 |
| 15:34 | Crear | Militia ×2 |
| 15:39 | Construir | Farm |
| 15:40 | Crear | Villager (Male) |
| 15:40 | Crear | Villager (Male) |
| 15:50 | Crear | Villager (Male) |
| 16:09 | Investigar | Double-Bit Axe |
| 16:26 | Crear | Villager (Male) |
| 16:41 | Crear | Villager (Male) |
| 16:49 | Crear | Villager (Male) |
| 16:52 | Construir | House |
| 16:56 | Construir | House |
| 16:58 | Crear | Villager (Male) |
| 16:59 | Crear | Villager (Male) |
| 17:31 | Construir | House |
| 17:44 | Crear | Villager (Male) |
| 18:07 | Crear | Villager (Male) |
| 18:21 | Construir | Farm |
| 18:28 | Construir | Archery Range |
| 18:49 | Construir | Archery Range |
| 18:51 | Crear | Villager (Male) |
| 19:10 | Crear | Villager (Male) |
| 19:11 | Crear | Villager (Male) |
| 19:35 | Crear | Archer |
| 19:35 | Crear | Archer |
| 19:42 | Construir | Blacksmith |
| 19:44 | Crear | Villager (Male) |
| 19:51 | Crear | Archer ×3 |
| 19:52 | Crear | Archer ×3 |
| 20:08 | Crear | Archer |
| 20:08 | Crear | Archer |
| 20:10 | Crear | Villager (Male) |
| 20:11 | Crear | Villager (Male) |
| 20:14 | Construir | Farm |
| 20:25 | Investigar | Castle Age |
| 20:27 | Investigar | Fletching |
| 20:28 | Crear | Archer ×2 |
| 20:28 | Crear | Archer ×2 |
| 20:41 | Crear | Archer ×2 |
| 20:42 | Crear | Villager (Male) |
| 20:42 | Crear | Villager (Male) |
| 21:06 | Investigar | Padded Archer Armor |
| 21:12 | Construir | House |
| 21:15 | Construir | House |
Build order — PUB | [🥕]King_Boo
Primeras 150 de 159 acciones detectadas
| 0:01 | Crear | Villager (Male) |
| 0:01 | Crear | Villager (Male) |
| 0:01 | Crear | Villager (Male) |
| 0:01 | Crear | Villager (Male) |
| 0:02 | Crear | Villager (Male) |
| 0:02 | Construir | House |
| 0:04 | Construir | House |
| 1:24 | Crear | Villager (Male) |
| 1:24 | Crear | Villager (Male) |
| 1:48 | Construir | Lumber Camp |
| 1:51 | Crear | Villager (Male) |
| 1:52 | Crear | Villager (Male) |
| 2:19 | Crear | Villager (Male) |
| 2:19 | Crear | Villager (Male) |
| 2:30 | Crear | Villager (Male) |
| 3:06 | Crear | Villager (Male) |
| 3:09 | Crear | Villager (Male) |
| 3:23 | Construir | House |
| 3:24 | Construir | House |
| 4:08 | Crear | Villager (Male) |
| 4:17 | Crear | Villager (Male) |
| 4:17 | Crear | Villager (Male) |
| 4:18 | Crear | Villager (Male) |
| 5:17 | Construir | Donjon |
| 5:37 | Construir | Mining Camp |
| 5:41 | Crear | Villager (Male) |
| 5:47 | Construir | Mining Camp |
| 6:19 | Crear | Villager (Male) |
| 6:45 | Crear | Villager (Male) |
| 6:48 | Investigar | Loom |
| 7:20 | Construir | Mill |
| 7:28 | Construir | Palisade Wall |
| 7:31 | Construir | Palisade Wall |
| 7:33 | Crear | Villager (Male) |
| 7:51 | Investigar | Feudal Age |
| 7:51 | Investigar | Feudal Age |
| 8:19 | Construir | Palisade Wall |
| 9:02 | Construir | Palisade Wall |
| 9:09 | Crear | Villager (Male) |
| 9:16 | Construir | House |
| 9:21 | Construir | House |
| 10:02 | Construir | Mining Camp |
| 10:08 | Edad | Edad Feudal |
| 10:10 | Crear | Serjeant |
| 10:12 | Investigar | Double-Bit Axe |
| 10:12 | Crear | Villager (Male) |
| 10:24 | Crear | Serjeant |
| 10:37 | Crear | Serjeant |
| 10:51 | Crear | Villager (Male) |
| 10:56 | Investigar | Horse Collar |
| 10:57 | Crear | Serjeant |
| 11:08 | Crear | Serjeant |
| 11:10 | Crear | Villager (Male) |
| 11:22 | Construir | Farm |
| 11:25 | Crear | Villager (Male) |
| 11:35 | Construir | Farm |
| 11:41 | Construir | House |
| 11:44 | Crear | Villager (Male) |
| 11:46 | Crear | Serjeant |
| 12:08 | Construir | Farm |
| 12:18 | Crear | Serjeant |
| 12:24 | Construir | House |
| 12:25 | Crear | Villager (Male) |
| 12:40 | Crear | Serjeant |
| 12:56 | Construir | Gate |
| 13:02 | Construir | Stone Wall |
| 13:05 | Construir | Stone Wall |
| 13:17 | Construir | Stone Wall |
| 13:19 | Crear | Villager (Male) |
| 13:19 | Crear | Serjeant |
| 13:35 | Crear | Serjeant |
| 13:36 | Crear | Villager (Male) |
| 13:38 | Construir | Farm |
| 13:40 | Construir | Farm |
| 13:42 | Construir | House |
| 13:44 | Construir | House |
| 13:46 | Crear | Serjeant |
| 13:58 | Construir | Stone Wall |
| 14:04 | Crear | Villager (Male) |
| 14:27 | Crear | Serjeant |
| 14:28 | Crear | Villager (Male) |
| 14:30 | Construir | Farm |
| 14:49 | Construir | House |
| 14:51 | Construir | House |
| 14:55 | Crear | Villager (Male) |
| 14:56 | Crear | Serjeant |
| 15:07 | Construir | Farm |
| 15:09 | Crear | Villager (Male) |
| 15:13 | Crear | Serjeant |
| 15:38 | Construir | Farm |
| 15:39 | Crear | Villager (Male) |
| 15:39 | Crear | Serjeant |
| 16:00 | Crear | Serjeant |
| 16:02 | Crear | Villager (Male) |
| 16:11 | Construir | Blacksmith |
| 16:14 | Construir | Farm |
| 16:21 | Crear | Villager (Male) |
| 16:41 | Construir | Donjon |
| 16:44 | Crear | Villager (Male) |
| 16:54 | Construir | Farm |
| 16:56 | Construir | Farm |
| 16:59 | Construir | Farm |
| 17:02 | Crear | Serjeant |
| 17:04 | Construir | Farm |
| 17:12 | Investigar | Scale Mail Armor |
| 17:18 | Construir | Farm |
| 17:25 | Crear | Villager (Male) |
| 17:44 | Crear | Serjeant |
| 17:44 | Crear | Serjeant |
| 17:49 | Construir | Farm |
| 17:50 | Construir | Farm |
| 17:52 | Crear | Villager (Male) |
| 18:14 | Crear | Villager (Male) |
| 18:17 | Construir | Farm |
| 18:18 | Construir | Farm |
| 18:19 | Construir | Farm |
| 18:22 | Construir | Farm |
| 18:23 | Crear | Serjeant |
| 18:23 | Crear | Serjeant |
| 18:27 | Crear | Serjeant |
| 18:27 | Crear | Serjeant |
| 18:47 | Crear | Villager (Male) |
| 18:50 | Construir | Farm |
| 18:54 | Construir | Farm |
| 18:56 | Crear | Serjeant |
| 18:56 | Crear | Serjeant |
| 19:07 | Crear | Villager (Male) |
| 19:09 | Construir | House |
| 19:11 | Construir | House |
| 19:15 | Crear | Serjeant |
| 19:16 | Crear | Serjeant |
| 19:19 | Crear | Serjeant |
| 19:19 | Crear | Serjeant |
| 19:35 | Crear | Villager (Male) |
| 19:40 | Crear | Villager (Male) |
| 19:49 | Construir | Farm |
| 19:51 | Construir | House |
| 19:53 | Construir | House |
| 19:54 | Crear | Serjeant |
| 19:54 | Crear | Serjeant |
| 19:56 | Crear | Villager (Male) |
| 20:12 | Construir | Donjon |
| 20:14 | Crear | Villager (Male) |
| 20:27 | Crear | Serjeant |
| 20:28 | Crear | Villager (Male) |
| 20:37 | Crear | Serjeant |
| 20:37 | Crear | Serjeant |
| 20:38 | Crear | Serjeant |
| 20:39 | Crear | Serjeant |
| 20:57 | Crear | Villager (Male) |
Cronología de la partida
| 5:17 | PUB | [🥕]King_Boo · first_building Donjon |
| 5:28 | WARChris · first_building Barracks |
| 5:41 | Voit3ch_ · first_building Barracks |
| 6:48 | Jonas · first_building Barracks |
| 7:28 | PUB | [🥕]King_Boo · wall_segment Palisade Wall x1 |
| 7:31 | PUB | [🥕]King_Boo · wall_segment Palisade Wall x1 |
| 8:19 | PUB | [🥕]King_Boo · wall_segment Palisade Wall x1 |
| 8:52 | WARChris · age_up feudal |
| 8:52 | Voit3ch_ · age_up feudal |
| 9:02 | PUB | [🥕]King_Boo · wall_segment Palisade Wall x1 |
| 9:19 | Voit3ch_ · first_building Archery Range |
| 9:41 | Jonas · age_up feudal |
| 9:43 | Jonas · first_building Stable |
| 10:08 | PUB | [🥕]King_Boo · age_up feudal |
| 13:02 | PUB | [🥕]King_Boo · wall_segment Stone Wall x4 |
| 13:05 | PUB | [🥕]King_Boo · wall_segment Stone Wall x5 |
| 13:17 | PUB | [🥕]King_Boo · wall_segment Stone Wall x6 |
| 13:58 | PUB | [🥕]King_Boo · wall_segment Stone Wall x1 |
| 18:28 | WARChris · first_building Archery Range |
| 21:15 | Jonas · resign |
[ ANÁLISIS IA · 1 CRÉDITO ]
¿Qué pasó realmente en esta partida?
Wolo.gg analiza cada decisión: build order, eco, micro, errores típicos por bracket. Análisis personalizado por WhatsApp o Discord en 30 segundos.
Guía civ
Kitán
Perfil
Jugador #1957328